 Dungeon Crawl Stone Soup version 0.24-a0-378-g94936e539c (webtiles) character file.

Game seed: 826334355984704169

212 ohad the Magician (level 5, -1/39 HPs)
             Began as an Octopode Transmuter on June 1, 2019.
             Slain by an iguana (14 damage)
             ... on level 3 of the Dungeon.
             The game lasted 00:08:00 (3025 turns).

ohad the Magician (Octopode Transmuter)             Turns: 3025, Time: 00:08:01

Health: -1/39      AC:  5    Str: 10    XL:     5   Next: 90%
Magic:  7/10       EV: 10    Int: 16    God:
Gold:   164        SH:  0    Dex: 12    Spells: 1/11 levels left

rFire    x . .     SeeInvis .     - Unarmed
rCold    + + +     Gourm    .   (shield currently unavailable)
rNeg     . . .     Faith    .   (helmet currently unavailable)
rPois    +         Spirit   .   (no amulet)
rElec    .         Reflect  .   (no ring)
rCorr    .         Harm     .   (no ring)
MR       .....                  (no ring)
Stlth    +.........             (no ring)
HPRegen  0.13/turn              (no ring)
MPRegen  0.12/turn              (no ring)
                                (no ring)
                                (no ring)

@: ice-form
A: large, almost no armour, stealthy swim, amphibious, 8 rings, (constrict 8)
a: End Transformation


You were on level 3 of the Dungeon.
You were not hungry.
You were a creature of crystalline ice.
You visited 1 branch of the dungeon, and saw 3 of its levels.

You collected 164 gold pieces.

Inventory:

Hand Weapons
 g - a +1 whip of venom (melded)
 j - a +0 dagger of electrocution
Missiles
 a - 69 arrows
 p - 2 javelins (quivered)
Scrolls
 b - 3 scrolls of remove curse {unknown}
 h - 2 scrolls of teleportation {unknown}
 k - 2 scrolls of identify {unknown}
 n - 2 scrolls of amnesia {unknown}
Potions
 e - 2 potions of berserk rage {unknown}
 f - 2 potions of curing
 i - 2 potions of degeneration {unknown}
 l - a potion of invisibility {unknown}
 m - 2 potions of haste {unknown}
 o - a potion of heal wounds {unknown}
Comestibles
 c - 9 rations
 d - 2 chunks of flesh


   Skills:
 - Level 1.0 Fighting
 - Level 2.0 Dodging
 - Level 3.0 Unarmed Combat
 - Level 3.8 Spellcasting
 * Level 3.1 Transmutations
 * Level 3.2 Ice Magic


You had one spell level left.
You knew the following spells:

 Your Spells              Type           Power        Failure   Level  Hunger
a - Beastly Appendage     Tmut           ##....       4%          1    None
b - Sticks to Snakes      Tmut           ##......     8%          2    ##.....
c - Spider Form           Tmut/Pois      #.........   26%         3    ###....
d - Ice Form              Ice/Tmut       ##......     43%         4    ####...

Your spell library contained the following spells:

 Spells                   Type           Power        Failure   Level  Hunger
 Blade Hands              Tmut           ##........   80%         5    ######.


Dungeon Overview and Level Annotations

Branches:
Dungeon (3/15)

Altars:
Makhleb
Yredelemnul


Innate Abilities, Weirdness & Mutations

You cannot wear most types of armour.
You are very stealthy in the water. (Stealth+)
You are amphibious.
You can wear up to eight rings at the same time.
((You can use your tentacles to constrict eight enemies at once.))
((Your skin changes colour to match your surroundings (Stealth+).))
((Your rubbery body absorbs attacks. (AC +1, EV +1)))


Message History

Some of the chunks of flesh in your inventory have rotted away.
You hit the iguana but do no damage. The iguana barely misses you.
You hit the iguana. You freeze the iguana.
The iguana is heavily wounded.
The iguana bites you.
You hit the iguana but do no damage.
The iguana is moderately wounded.
The iguana bites you.
You hit the iguana but do no damage.
The iguana is moderately wounded.
The iguana closely misses you.
You barely miss the iguana.
The iguana is moderately wounded.
The iguana bites you.
You hit the iguana.
The iguana seems to slow down.
You freeze the iguana.
The iguana is severely wounded.
You hit the iguana but do no damage.
The iguana is severely wounded.
The iguana bites you!
You die...

#...# #...# #...##
..... ##... ...
#l# #Y# #.###
#)#.. #.#.# #)#.#
.#######.#.#
.........#.#
.........#.######.
..................
#.#


You could see an iguana.

Vanquished Creatures
  A scorpion (D:2)
  An orc priest (D:3)
  An orc wizard (D:3)
  A gnoll (D:1)
  3 adders (D:2)
  A worm (D:2)
  A dart slug (D:1)
  3 leopard geckos (D:1)
  5 orcs (D:3)
  8 bats
  2 giant cockroaches (D:1)
  6 goblins
  7 hobgoblins
  4 jackals
  6 kobolds
  3 frilled lizards
  5 rats
  A spectral orc (D:3)
59 creatures vanquished.

Notes
Turn   | Place    | Note
-------+----------+-------------------------------------------
     0 | D:1      | ohad the Octopode Transmuter began the quest for the Orb.
     0 | D:1      | Reached XP level 1. HP: 13/13 MP: 3/3
    71 | D:1      | Reached XP level 2. HP: 10/18 MP: 3/5
   606 | D:1      | Learned a level 2 spell: Sticks to Snakes
   825 | D:1      | Reached XP level 3. HP: 6/23 MP: 1/6
  1113 | D:1      | Learned a level 3 spell: Spider Form
  1212 | D:1      | You fall into a shaft and drop 1 floor!
  1215 | D:2      | Noticed a scorpion
  1221 | D:2      | Killed a scorpion
  1221 | D:2      | Reached XP level 4. HP: 24/28 MP: 6/9
  1263 | D:2      | Learned a level 4 spell: Ice Form
  1579 | D:2      | Reached skill level 1 in Ice Magic
  1611 | D:2      | Reached XP level 5. HP: 27/33 MP: 8/10
  2249 | D:2      | Found a burning altar of Makhleb.
  2828 | D:3      | Found a basalt altar of Yredelemnul.
  3025 | D:3      | Slain by an iguana

Levels and vault maps discovered:
D:1:      dpeg_arrival_water_fire, layout_loops_ring,
          ebering_dispersal_statue_hall, st_stairs_6
D:2:      layout_basic, lightli_temple_of_fire, first_ration,
          grunt_ministairs_15, minmay_heptomino_l4
D:3:      layout_basic, nicolae_overflow_hidden_temple,
          yredelemnul_forgotten_temple_becter, lemuel_crystal_altar,
          minmay_cut_off

Skill      XL: |  1  2  3  4  5 |
---------------+----------------+-----
Transmutations | 3 |  3.1
Spellcasting   | 3 |  3.8
Ice Magic      | 1 3 |  3.2
Fighting       | |  1.0
Dodging        | |  2.0
Unarmed Combat | |  3.0

Action                   |  1- 3 |  4- 6 || total
-------------------------+-------+-------++-------
Melee: Unarmed           |    36 |     8 ||    44
       Kick              |    11 |    10 ||    21
       Constrict         |    17 |    19 ||    36
       Tentacles         |     9 |    12 ||    21
       Whip              |    23 |    61 ||    84
       Punch             |       |     1 ||     1
 Cast: Beastly Appendage |    11 |     9 ||    20
       Sticks to Snakes  |     5 |       ||     5
       Ice Form          |       |     1 ||     1
  Use: Potion            |     1 |       ||     1
 Stab: Sleeping          |     6 |     2 ||     8
  Eat: Chunk             |     1 |     6 ||     7
Armor: Skin              |     6 |    11 ||    17
Dodge: Dodged            |    43 |    44 ||    87

Table legend:
 A = Non-vault XP
 B = Vault XP
 C = Vault XP percentage of total XP
 D = Non-vault monster count
 E = Vault monster count
 F = Vault count percentage of total count
                 A         B        C        D         E       F
            +---------+---------+-------+---------+---------+-------
      Total |     229 |      75 |  24.7 |      52 |       7 |  11.9
            +---------+---------+-------+---------+---------+-------
        D:1 |      63 |       2 |   3.1 |      27 |       1 |   3.6
        D:2 |      65 |      71 |  52.2 |      15 |       4 |  21.1
        D:3 |     101 |       2 |   1.9 |      10 |       2 |  16.7
            +---------+---------+-------+---------+---------+-------
